 Dungeon Crawl Stone Soup version 0.18.1-6-gd335043 (webtiles) character file.

39953 Krapule the Fighter (level 13, -1/122 HPs)
             Began as a Minotaur Fighter on May 16, 2016.
             Was a High Priest of Qazlal.
             Killed by divine providence
             ... invoked by an orc priest
              (14 damage)
             ... on level 2 of the Orcish Mines.
             The game lasted 01:00:48 (15137 turns).

Krapule the Fighter (Minotaur Fighter)             Turns: 15137, Time: 01:00:49

Health: -1/122     AC: 16    Str: 28    XL:     13   Next: 72%
Magic:  18/18      EV: 19    Int:  3    God:    Qazlal [*****.]
Gold:   1345       SH: 27    Dex: 19    Spells: 0 memorised, 12 levels left

rFire  . . .     SeeInvis +     D - +11 mace of Unreason {drain, *Confuse Dex+5 Stlth+}
rCold  + . .     Gourm    +     F - +2 scale mail {rC+}
rNeg   + . .     Faith    .     J - +5 shield of Autotheism {Str+4 Int-3 Dex+3}
rPois  .         Spirit   .     (helmet restricted)
rElec  .         Dismiss  .     m - +2 cloak
rCorr  .         Reflect  .     N - +0 pair of gloves
SustAt .         Harm     .     (no boots)
MR     .....                    o - amulet of the gourmand
Stlth  +.........               I - ring of positive energy (curse)
                                i - ring of see invisible

@: repel missiles, not resistant to hostile enchantments, very unstealthy
A: retaliatory headbutt, horns 2
a: Upheaval, Elemental Force, Disaster Area, Renounce Religion


You were on level 2 of the Orcish Mines.
You worshipped Qazlal.
Qazlal was extremely pleased with you.
You were very full.

You visited 4 branches of the dungeon, and saw 19 of its levels.
You also visited: Sewer.

You collected 1345 gold pieces.

Inventory:

Hand Weapons
 b - a +3 whip of holy wrath
 D - the +11 mace of Unreason (weapon) {drain, *Confuse Dex+5 Stlth+}
   (You found it on level 6 of the Dungeon)

   A truly terrible weapon, it drains the life of those it strikes.
   It affects your dexterity (+5).
   It may confuse you when you take damage.
   It makes you more stealthy.
Armour
 m - a +2 cloak (worn)
 y - a +2 shield
 F - a +2 scale mail of cold resistance (worn)
 G - a +2 chain mail of poison resistance
 J - the +5 shield of Autotheism (worn) {Str+4 Int-3 Dex+3}
   (You found it on level 9 of the Dungeon)

   It affects your strength (+4).
   It affects your intelligence (-3).
   It affects your dexterity (+3).
 N - a +0 pair of gloves (worn)
Jewellery
 i - a ring of see invisible (left hand)
 k - an uncursed ring of fire
 o - an amulet of the gourmand (around neck)
 q - an uncursed ring of protection from fire
 E - an uncursed ring of resist corrosion
 I - a cursed ring of positive energy (right hand)
 O - an uncursed amulet of rage
Wands
 u - a wand of flame (21/48)
 v - a wand of flame (48/48)
 x - a wand of digging (10/24)
 B - a wand of flame (18/48)
 M - a wand of flame (0/48)
Scrolls
 a - 2 scrolls of recharging
 e - 6 scrolls of remove curse
 w - 4 scrolls of identify
 z - 12 scrolls of teleportation
 A - 2 scrolls of enchant weapon
 C - 4 scrolls of magic mapping
 K - a scroll of enchant armour
Potions
 d - a potion of might
 h - 2 potions of cancellation
 j - 3 potions of lignification
 l - 2 potions of agility
 p - 2 potions of haste
 t - 7 potions of flight
 L - 3 potions of magic
 R - a potion of cure mutation
 S - a potion of brilliance
Books
 H - the Papyrus of the Escort
   (You found it on level 10 of the Dungeon)

   Spells                             Type                      Level
   a - Summon Ice Beast               Ice/Summoning                4
   b - Summon Forest                  Summoning/Translocation      5
   c - Summon Demon                   Summoning                    5
 P - a book of Battle

   Spells                             Type                      Level
   a - Infusion                       Charms                       1
   b - Shroud of Golubria             Charms/Translocation         2
   c - Song of Slaying                Charms                       2
   d - Spectral Weapon                Hexes/Charms                 3
   e - Regeneration                   Charms/Necromancy            3
Comestibles
 c - 4 beef jerkies
 f - 11 bread rations
 n - 10 meat rations
 r - 17 fruits
 s - 4 slices of pizza


   Skills:
 + Level 13.4 Fighting
 + Level 6.7 Maces & Flails
 + Level 13.4 Armour
 + Level 11.5 Dodging
 + Level 13.4 Shields
 + Level 8.3 Invocations


You had 12 spell levels left.
You didn't know any spells.

Dungeon Overview and Level Annotations

Branches:
Dungeon (15/15)            Temple (1/1) D:7            Lair (0/8) D:9
    Orc (2/2) D:10            Elf (1/3) Orc:2        Vaults (0/5) D:14
 Depths (0/5) D:15

Altars:
Ashenzari
Cheibriados
Dithmenos
Elyvilon
Fedhas
Gozag
Kikubaaqudgha
Makhleb
Nemelex Xobeh
Okawaru
Pakellas
Qazlal
Ru
Sif Muna
Trog
Vehumet
Xom
Yredelemnul
Zin
The Shining One
Beogh

Shops:
D:14 :   D:15 =


Innate Abilities, Weirdness & Mutations

You reflexively headbutt those who attack you in melee.
You have a pair of horns on your head.


Message History

There is an open door, spattered with blood here.
Items here: ))))))))))) [[[[[[[[[ ††††††††† The orc priest invokes the aid of Beogh against you.
Beogh smites you!
* * * LOW HITPOINT WARNING * * *
You hear a shout!
You feel a little less mighty now.
An orc warrior comes into view. It is wielding a glaive.
You hear two shouts!
The orc priest invokes the aid of Beogh against you.
Beogh smites you!
* * * LOW HITPOINT WARNING * * *
Read which item? (? for menu, Esc to quit)
Okay, then.
Drink which item? (? for menu, Esc to quit)
You feel better.
You hear a shout! x2
The orc priest invokes the aid of Beogh against you.
Beogh smites you!
You die...

#...######.####.....#).'.####
##....'....#..#..⌠[.#..#)...+
#....####.§..#o....####.####
##†...####.#..#..........#
.....##..#.####.#####[####
.....##..[......#...#)#
...####..#..[.#.#...#.#
...#######....#.##'##.#
#####.........#.@..o..# #
##'###'###'###[###'# #
#.).#...#...##'##
#...#...#...#8.8#
#############...#### ###
#####............ ..##
###....§...........
...####..................
....##......##...........


You could see an orc warrior and an orc priest.

Vanquished Creatures
  An orc warlord (Orc:2)
  A hydra (D:14)
  3 centaur warriors
  A vampire mage (D:15)
  A deep elf knight (Orc:2)
  2 skeletal warriors (D:15)
  An unseen horror (D:14)
  A wizard (D:14)
  3 hill giants
  2 necromancers
  2 orc knights
  4 orc sorcerers
  A griffon (D:14)
  5 ugly things
  4 deep elf magi (Orc:2)
  A centaur zombie (D:14)
  3 manticores
  2 cyclopes
  A stone giant skeleton (D:15)
  The ghost of CrazyArbalest the Bolt Thrower, a novice MiHu (D:6)
  Psyche (D:12)
  The ghost of epen the Ducker, a novice MfWn (D:4)
  3 komodo dragons
  9 trolls
  2 two-headed ogres (Orc:2)
  A tengu conjurer (D:15)
  A deep troll zombie (D:15)
  A deep troll skeleton (D:15)
  2 shadows (D:15)
  4 wyverns
  A vampire (D:10)
  2 wraiths
  Eustachio (D:6)
  A human (shapeshifter) (D:14)
  8 yaks (D:13)
  Menkaure (D:4)
  4 hippogriffs
  4 hungry ghosts
  2 vampire mosquitoes (D:14)
  A mottled dragon (D:12)
  5 wargs (Orc:2)
  A tengu zombie (D:15)
  35 orc warriors
  A black bear (D:13)
  3 ice beasts
  5 phantoms
  5 sky beasts
  A necrophage (D:8)
  8 ogres
  9 centaurs
  A crocodile (D:13)
  2 big kobolds
  6 giant frogs
  A wyvern zombie (D:12)
  A wyvern skeleton (D:10)
  Dowan (D:6)
  5 scorpions
  7 killer bees
  4 howler monkeys
  16 wights
  13 crimson imps
  A giant frog zombie (D:12)
  4 quasits
  Crazy Yiuf (D:6)
  3 hounds
  27 orc priests
  2 jellies
  28 orc wizards
  5 centaur skeletons
  2 giant frog skeletons
  3 iguanas
  Ijyb (D:3)
  A siren (Sewer)
  14 worker ants
  A merfolk avatar (Sewer)
  A killer bee zombie (D:6)
  A hound zombie (D:9)
  2 worker ant zombies
  16 adders
  2 river rats (Sewer)
  2 shadow imps
  3 oozes
  4 worms
  2 dart slugs (D:1)
  7 giant geckos
  99 orcs
  7 bats
  6 giant cockroaches
  6 goblins
  7 hobgoblins
  7 jackals
  A quokka (shapeshifter) (D:14)
  2 quokkas
  5 ball pythons (Sewer)
  10 giant newts
  18 kobolds
  A quokka skeleton (D:5)
  26 rats
  A withered plant (D:15)
549 creatures vanquished.

Vanquished Creatures (others)
  A deep elf mage (D:12)
  A hippogriff (D:12)
  Duvessa (D:6)
  An ogre (D:12)
  A big kobold (D:12)
  A giant frog (D:12)
  A scorpion (D:12)
  An orc wizard (D:12)
  2 worker ants (D:12)
  An orc (D:12)
  A kobold (D:12)
12 creatures vanquished.

Grand Total: 561 creatures vanquished

Notes
Turn   | Place    | Note
--------------------------------------------------------------
     0 | D:1      | Krapule the Minotaur Fighter began the quest for the Orb.
     0 | D:1      | Reached XP level 1. HP: 19/19 MP: 0/0
   318 | D:1      | Reached XP level 2. HP: 26/26 MP: 1/1
   588 | D:1      | Reached skill level 1 in Dodging
   828 | D:2      | Reached XP level 3. HP: 33/33 MP: 2/2
  1339 | D:3      | Noticed Ijyb
  1350 | D:3      | Killed Ijyb
  1350 | D:3      | Reached XP level 4. HP: 37/40 MP: 3/3
  2057 | D:3      | Reached XP level 5. HP: 39/47 MP: 4/4
  2108 | D:4      | Noticed a phantom
  2293 | D:4      | Found a snail-covered altar of Cheibriados.
  2472 | D:4      | Found a white marble altar of Elyvilon.
  2577 | D:4      | Noticed Menkaure
  2583 | D:4      | Killed Menkaure
  2583 | D:4      | Reached skill level 5 in Fighting
  2583 | D:4      | Reached skill level 5 in Shields
  2583 | D:4      | Reached XP level 6. HP: 56/56 MP: 5/5
  2586 | D:4      | Reached skill level 5 in Armour
  2936 | D:4      | Noticed epen's ghost (novice MfWn)
  2962 | D:4      | Killed epen's ghost
  2962 | D:4      | Reached XP level 7. HP: 42/63 MP: 6/6
  3111 | D:5      | Entered Level 5 of the Dungeon
  3264 | D:5      | Reached XP level 8. HP: 66/71 MP: 7/7
  3300 | D:5      | Reached skill level 5 in Dodging
  3536 | D:5      | Found a shimmering altar of Xom.
  3537 | D:5      | Found a burning altar of Makhleb.
  3917 | D:6      | Noticed Eustachio
  4028 | D:6      | Found a shattered altar of Ashenzari.
  4156 | D:6      | Noticed CrazyArbalest's ghost (novice MiHu)
  4175 | D:6      | Killed CrazyArbalest's ghost
  4247 | D:6      | Killed Eustachio
  4247 | D:6      | Reached XP level 9. HP: 81/81 MP: 8/8
  4278 | D:6      | Found a glowing drain.
  4301 | Sewer    | Entered a sewer
  4788 | D:6      | Noticed Dowan
  4790 | D:6      | Noticed Duvessa
  4802 | D:6      | Killed Duvessa
  4803 | D:6      | Killed Dowan
  4911 | D:6      | Noticed Crazy Yiuf
  4922 | D:6      | Killed Crazy Yiuf
  4928 | D:6      | Got an ichor-stained mace
  4949 | D:6      | Identified the +11 mace of Unreason {drain, *Confuse Dex+5 Stlth+} (You found it on level 6 of the Dungeon)
  5401 | D:7      | Found a shadowy altar of Dithmenos.
  6007 | D:7      | Found a staircase to the Ecumenical Temple.
  6016 | Temple   | Entered the Ecumenical Temple
  6511 | D:8      | Found a sacrificial altar of Ru.
  6511 | D:8      | Found a sparkling altar of Nemelex Xobeh.
  6511 | D:8      | Found an oddly glowing altar of Pakellas.
  6771 | D:8      | Reached XP level 10. HP: 78/91 MP: 9/9
  7190 | D:9      | Found a glowing silver altar of Zin.
  7197 | D:9      | Found a glowing golden altar of the Shining One.
  7291 | D:9      | Got an encrusted shield
  7302 | D:9      | Identified the +5 shield of Autotheism {Str+4 Int-3 Dex+3} (You found it on level 9 of the Dungeon)
  7324 | D:9      | Reached skill level 10 in Armour
  7324 | D:9      | Reached skill level 10 in Shields
  7504 | D:9      | Reached skill level 10 in Fighting
  7530 | D:9      | Found a staircase to the Lair.
  7600 | D:9      | Found a radiant altar of Vehumet.
  7600 | D:9      | Found a bloodstained altar of Trog.
  7600 | D:9      | Found a shattered altar of Ashenzari.
  7601 | D:9      | Found a stormy altar of Qazlal.
  7606 | D:9      | Became a worshipper of Qazlal Stormbringer
  7656 | D:10     | Entered Level 10 of the Dungeon
  7667 | D:10     | Reached skill level 1 in Invocations
  7729 | D:10     | Found an oddly glowing altar of Pakellas.
  8014 | D:10     | Identified the Papyrus of the Escort (You found it on level 10 of the Dungeon)
  8139 | D:10     | Found a staircase to the Orcish Mines.
  8275 | D:10     | Reached * piety under Qazlal
  8534 | D:11     | Found a sacrificial altar of Ru.
  8595 | D:11     | Noticed a hill giant
  8604 | D:11     | Killed a hill giant
  8604 | D:11     | Reached XP level 11. HP: 88/101 MP: 11/11
  8666 | D:11     | Gained mutation: You are weak. (Str -2) [potion of mutation]
  8666 | D:11     | Gained mutation: Your magical capacity is low (-10% MP). [potion of mutation]
  8666 | D:11     | Gained mutation: You are frail (-10% HP). [potion of mutation]
  9061 | D:11     | Noticed a hill giant
  9068 | D:11     | Killed a hill giant
  9128 | D:12     | Noticed a centaur warrior
  9134 | D:12     | Killed a deep elf mage
  9140 | D:12     | Killed a centaur warrior
  9162 | D:12     | Noticed Psyche
  9165 | D:12     | Killed Psyche
  9235 | D:12     | Noticed a white ugly thing
  9253 | D:12     | Killed a white ugly thing
  9575 | D:12     | Found a shimmering altar of Xom.
  9617 | D:12     | Reached ** piety under Qazlal
  9700 | D:12     | Found a blossoming altar of Fedhas.
  9864 | D:12     | Reached skill level 10 in Dodging
 10559 | D:13     | Noticed a cyan ugly thing
 10698 | D:13     | Killed a cyan ugly thing
 10749 | D:13     | Reached skill level 5 in Invocations
 10749 | D:13     | Reached XP level 12. HP: 89/99 MP: 13/13
 10788 | D:13     | Reached *** piety under Qazlal
 11355 | D:13     | Noticed a centaur warrior
 11364 | D:13     | Killed a centaur warrior
 11472 | D:14     | Reached skill level 5 in Maces & Flails
 11541 | D:14     | Noticed a six-headed hydra
 11544 | D:14     | Killed a six-headed hydra
 12004 | D:14     | Found Kytri's Book Boutique.
 12054 | D:14     | Found a gate to the Vaults.
 12256 | D:15     | Entered Level 15 of the Dungeon
 12495 | D:15     | Noticed a vampire mage
 12512 | D:15     | Killed a vampire mage
 12811 | D:15     | Reached **** piety under Qazlal
 12835 | D:15     | Found a staircase to the Depths.
 12869 | D:15     | Reached XP level 13. HP: 107/107 MP: 15/15
 12970 | D:15     | Found Noonasm's Jewellery Shoppe.
 13580 | Orc:1    | Entered Level 1 of the Orcish Mines
 13597 | Orc:1    | HP: 5/107 [orc warrior/war axe (11)]
 13598 | D:10     | HP: 1/107 [poisoned by an orange demon]
 13610 | D:10     | Lost mutation: Your magical capacity is low (-10% MP). [potion of cure mutation]
 13610 | D:10     | Lost mutation: You are frail (-10% HP). [potion of cure mutation]
 13610 | D:10     | Lost mutation: You are weak. (Str -2) [potion of cure mutation]
 13954 | Orc:1    | Found a roughly hewn altar of Beogh.
 13961 | Orc:1    | Reached ***** piety under Qazlal
 14300 | Orc:2    | Entered Level 2 of the Orcish Mines
 14534 | Orc:2    | Paralysed by an orc sorcerer for 6 turns
 14950 | Orc:2    | Found a staircase to the Elven Halls.
 14955 | Elf:1    | Entered Level 1 of the Elven Halls
 15078 | Orc:2    | Noticed an orc warlord
 15091 | Orc:2    | Killed an orc warlord
 15136 | Orc:2    | HP: 3/122 [orc priest/divine providence (14)]
 15137 | Orc:2    | Killed from afar by an orc priest

Skill      XL: |  1  2  3  4  5  6  7  8  9 10 11 12 13 |
---------------+----------------------------------------+-----
Dodging        | 1 2 3 4 6 7 9 10 11 | 11.5
Maces & Flails | 3 4 5 6 |  6.7
Shields        | 4 5 6 7 9 10 11 12 13 | 13.4
Armour         | 4 6 8 9 10 11 12 13 | 13.4
Fighting       | 4 5 6 7 9 10 11 12 13 | 13.4
Invocations    | 2 5 6 8 |  8.3

Action                   |  1- 3 |  4- 6 |  7- 9 | 10-12 | 13-15 || total
-------------------------+-------+-------+-------+-------+-------++-------
Melee: Flail             |    33 |       |       |       |       ||    33
       Headbutt          |    16 |    24 |    65 |   170 |   102 ||   377
       Mace              |    59 |   122 |   404 |   570 |   315 ||  1470
       Whip              |       |     5 |       |       |       ||     5
Invok: Disaster Area     |       |       |       |       |     1 ||     1
Evoke: Wand              |       |     3 |       |    11 |       ||    14
  Use: Scroll            |     2 |     2 |    10 |     5 |     1 ||    20
       Potion            |       |       |     2 |     6 |     5 ||    13
 Stab: Invisible         |       |       |     1 |       |       ||     1
       Sleeping          |       |       |       |     1 |       ||     1
  Eat: Chunk             |     1 |    15 |    16 |    30 |    13 ||    75
Armor: Scale mail        |    31 |    45 |   102 |   126 |    42 ||   346
       Chain mail        |       |       |    14 |     2 |       ||    16
Dodge: Dodged            |    27 |    50 |   150 |   225 |    81 ||   533
       Deflected         |       |       |       |       |     2 ||     2
Block: Shield            |    47 |    55 |   280 |   614 |   336 ||  1332
